 Dungeon Crawl Stone Soup version 0.30-a0-772-g5528072125 (webtiles) character file.

Game seed: 16524991345383991542

345 HammerPanzer the Cleaver (level 6, 0/51 HPs)
             Began as a Minotaur Berserker on Feb 12, 2023.
             Was a Believer of Trog.
             Killed from afar by a hellion (18 damage)
             ... with damnation
             ... on level 1 of the Abyss.
             The game lasted 00:07:11 (2520 turns).

HammerPanzer the Cleaver (Minotaur Berserker)       Turns: 2520, Time: 00:07:12

Health: 0/51       AC:  9    Str: 23    XL:     6   Next: 32%
Magic:  5/5        EV:  8    Int:  4    God:    Trog [**....]
Gold:   191        SH:  0    Dex: 10    Spells: 5/5 levels left

rFire   . . .      SeeInvis .    a - +0 war axe
rCold   . . .      Faith    .    (no shield)
rNeg    . . .      Spirit   .    l - +0 chain mail
rPois   .          Reflect  .    (helmet restricted)
rElec   .          Harm     .    j - +0 cloak
rCorr   .          Rampage  .    (no gloves)
Will    .....                    (no boots) Stlth
                                 (no amulet)
HPRegen 0.28/turn                (no ring)
MPRegen 0.09/turn                (no ring)

@: on berserk cooldown, slowed, very slow
A: horns 2, retaliatory headbutt
a: Renounce Religion, Berserk, Trog's Hand


You were on level 1 of the Abyss.
You worshipped Trog.
Trog was pleased with you.
You visited 1 branch of the dungeon, and saw 3 of its levels.
You visited the Abyss 1 time.

You collected 191 gold pieces.

Inventory:

Hand Weapons
 a - a +0 war axe (weapon)
 b - a +0 sling
Armour
 j - a +0 cloak (worn)
 l - a +0 chain mail (worn)
Scrolls
 c - a scroll of enchant armour {unknown}
 g - a scroll of butterflies
 h - a scroll of fear {unknown}
Potions
 d - a potion of heal wounds {unknown}
 e - 2 potions of curing
 f - a potion of magic
 i - a potion of lignification
 k - 2 potions of flight {unknown}


   Skills:
 - Level 3.6 Fighting
 + Level 8.6 Axes
 - Level 2.4 Armour
 - Level 2.1 Dodging


You had 5 spell levels left.
You didn't know any spells.
Your spell library was empty.

Dungeon Overview and Level Annotations

Branches:
Dungeon (3/15)

Altars:
Elyvilon
Gozag
Kikubaaqudgha
Ru
Trog

Annotations:
D:3 Terence


Innate Abilities, Weirdness & Mutations

You have a pair of horns on your head.
You reflexively headbutt those who attack you in melee.


Message History

You slash the small abomination!
The small abomination is heavily damaged.
The small abomination closely misses you.
You hit the small abomination but do no damage.
The small abomination is heavily damaged.
The small abomination hits you!
You barely miss the small abomination.
The small abomination is heavily damaged.
The small abomination hits you.
A red film seems to cover your vision as you go berserk!
You feel yourself moving faster!
You feel mighty! The small abomination hits you.
You barely miss the small abomination.
Your headbutt misses the small abomination.
The small abomination is heavily damaged.
The small abomination hits you!
You closely miss the small abomination.
The small abomination is heavily damaged.
You barely miss the small abomination.
The small abomination is heavily damaged.
The small abomination hits you!
You barely miss the small abomination.
Your punch misses the small abomination.
The small abomination is heavily damaged.
The small abomination barely misses you.
You slice the small abomination!!
You destroy the small abomination!
Trog accepts your kill.
You start resting.
You feel a strong urge to attack something.
You start resting.
You are no longer berserk.
You are exhausted.
You feel yourself slow down.
You start resting.
A hellion comes into view.
The hellion attacks as you move away! The hellion hits you.
The hellion gestures at you.
The sphere of damnation explodes!
The damnation engulfs you!!
You die...

# ## .#
##.####.
#...#..
#.#...# ## .
##@# ..
#.#2###
#.#.#...#
#.#......#.#
#.....#.## #
.##.....## #
#...#..###
... .### #..
. # .. ..##
#. #.##


You could see a hellion.

Vanquished Creatures
  Sigmund (D:3)
  A small abomination (Abyss:1)
  Robin (D:2)
  4 gnolls (D:2)
  2 adders (D:2)
  2 worms (D:3)
  An orc (D:3)
  5 bats
  6 endoplasms
  3 giant cockroaches (D:2)
  11 goblins
  11 hobgoblins
  3 kobolds
  2 quokkas
  6 ball pythons
  4 frilled lizards (D:1)
  6 rats
69 creatures vanquished.

Vanquished Creatures (others)
  19 plants (D:3)
19 creatures vanquished.

Grand Total: 88 creatures vanquished

Notes
Turn   | Place    | Note
-------+----------+-------------------------------------------
     0 | D:1      | HammerPanzer the Minotaur Berserker began the quest for the
                  | Orb.
     0 | D:1      | Reached XP level 1. HP: 19/19 MP: 0/0
    64 | D:1      | Reached skill level 4 in Axes
    97 | D:1      | Reached XP level 2. HP: 23/26 MP: 1/1
   497 | D:1      | Reached skill level 5 in Axes
   659 | D:1      | Found an opulent altar of Gozag.
   748 | D:2      | Reached XP level 3. HP: 29/31 MP: 2/2
   924 | D:2      | Reached skill level 6 in Axes
   924 | D:2      | Reached XP level 4. HP: 39/39 MP: 3/3
  1055 | D:2      | Noticed Robin
  1061 | D:2      | Killed Robin
  1061 | D:2      | Reached ** piety under Trog
  1139 | D:2      | Found an ancient bone altar of Kikubaaqudgha.
  1784 | D:3      | Found an opulent altar of Gozag.
  1797 | D:3      | Found a white marble altar of Elyvilon.
  2032 | D:3      | Noticed Sigmund
  2040 | D:3      | Killed Sigmund
  2041 | D:3      | Reached skill level 8 in Axes
  2041 | D:3      | Reached XP level 5. HP: 45/45 MP: 4/4
  2041 | D:3      | Reached XP level 6. HP: 51/51 MP: 5/5
  2046 | D:3      | Found a sacrificial altar of Ru.
  2201 | D:3      | Noticed Terence
  2215 | D:3      | Noticed a moth of wrath
  2223 | D:3      | Found a bloodstained altar of Trog.
  2444 | Abyss:1  | Cast into level 1 of the Abyss (Terence)
  2458 | Abyss:1  | Noticed a large abomination
  2468 | Abyss:1  | Noticed a ynoxinul
  2515 | Abyss:1  | Noticed a hellion
  2520 | Abyss:1  | Killed from afar by a hellion

Illustrated notes

Levels and vault maps discovered:
D:1:      dpeg_arrival_lava_altar, layout_basic, chequers_serial_rivers_marsh
D:2:      layout_basic, basic_altar, nicolae_half_adder, uniq_robin
D:3:      layout_loops_ring, nicolae_gozag_cash_rules_everything_around_me,
          elyvilon_altar_1, tgw_trog, mainiacjoe_overflow_cross_hatched,
          serial_co_window_serial, co_window_corner_a, co_window_paths_b,
          co_window_of_opportunity_a, co_window_paths_b,
          co_window_of_opportunity_a, co_window_corner_a, co_window_cross_1,
          co_window_paths_c, co_window_corner_ca, co_window_corner_b,
          co_window_sun, co_window_4corner_a, glass_columns_a, glass_columns_c,
          serial_shops, nicolae_shop_behind_doors, uniq_sigmund, uniq_terence
Abyss:1:  base:
D:3

Skill      XL: |  1  2  3  4 |
---------------+-------------+-----
Axes           | 4 5 6 8 |  8.6
Fighting       | |  3.6
Armour         | |  2.4
Dodging        | |  2.1

Action                     |  1- 3 |  4- 6 || total
---------------------------+-------+-------++-------
  Melee: Hand axe          |    61 |    50 ||   111
         Headbutt          |     6 |     8 ||    14
         War axe           |       |    28 ||    28
 Invoke: Berserk           |     1 |     4 ||     5
    Use: Scroll            |     4 |     2 ||     6
   Stab: Sleeping          |     1 |       ||     1
 Armour: Animal skin       |     5 |       ||     5
         Ring mail         |     9 |    20 ||    29
         Chain mail        |       |    11 ||    11
  Dodge: Dodged            |    49 |    32 ||    81

Table legend: (Time is in decaauts)
 A = Elapsed time spent in this place.
 B = Non-inter-level travel time spent in this place.
 C = Inter-level travel time spent in this place.
 D = Time resting spent in this place.
 E = Time spent auto-exploring this place.
 F = Levels seen in this place.
 G = Mean time per level.
                   A        B        C        D        E       F      G
               +--------+--------+--------+--------+--------+-----+--------+
         Total |   2560 |   2491 |     69 |    210 |   1675 |   4 |  640.0 |
       Dungeon |   2481 |   2412 |     69 |    199 |   1675 |   3 |  827.0 |
         Abyss |     79 |     79 |      0 |     10 |      0 |   1 |   79.0 |
               +--------+--------+--------+--------+--------+-----+--------+

Top non-repeatable levels by time:
     D:2: 982 daAuts
     D:3: 767 daAuts
     D:1: 731 daAuts
 Abyss:1: 79 daAuts
